 Dungeon Crawl Stone Soup version 0.31-a0-1074-g0b22e4e0f1 (webtiles) character file.

Game seed: 10189338305294680083

13876 Lobster4 the Mimic (level 11, -3/95 HPs)
             Began as a White Draconian Shapeshifter on Nov 27, 2023.
             Was a Believer of Uskayaw.
             Slain by Snorg (4 damage)
             ... on level 2 of the Orcish Mines.
             The game lasted 00:59:11 (16209 turns).

Lobster4 the Mimic (White Draconian Shapeshifter)  Turns: 16209, Time: 00:59:12

Health: -3/95      AC:  7    Str: 21    XL:     11   Next: 81%
Magic:  0/15       EV: 15    Int: 10    God:    Uskayaw [**....]
Gold:   1152       SH:  0    Dex: 17    Spells: 11/15 levels left

rFire   . .          .
                       - Unarmed
rCold   + . .        (no shield)
rNeg    . . .        (body armour unavailable)
rPois   .            (helmet currently unavailable)
rElec   .            L - melded +0 cloak {rPois}
rCorr   .            J - melded +0 pair of gloves
SInv    .            (boots currently unavailable)
Will    +....        k - amulet of guardian spirit
Stlth   ++           y - ring of willpower
HPRegen 0.35/turn    N - +6 ring of dexterity
MPRegen 0.14/turn

%: guardian spirit
@: short of breath, beast-form
A: beast (slay +4), breathe frost, AC +7, unfitting armour, cold resistance 1,
cold-blooded
a: Breathe Frost, Begin Untransformation, Renounce Religion, Stomp, Line Pass


You were on level 2 of the Orcish Mines.
You worshipped Uskayaw.
Uskayaw was noncommittal.
You were a hulking beast.
You visited 3 branches of the dungeon, and saw 13 of its levels.

You collected 1152 gold pieces.

Inventory:

Hand Weapons
 d - a +0 war axe
 q - a +1 orcbow
 w - a +0 dagger of flaming
 F - a +2 shortbow of flaming
 M - a +2 whip of freezing
Missiles
 g - 7 boomerangs
 v - 36 poisoned darts (quivered)
 H - 6 datura-tipped darts
Armour
 J - a +0 pair of gloves (melded)
 L - a +0 cloak of poison resistance (melded)
Magical Staves
 P - a staff of cold
Jewellery
 k - an amulet of guardian spirit (around neck)
 y - a ring of willpower (left hand)
 A - a ring of flight
 G - a ring of magical power
 I - a +6 ring of intelligence
 N - a +6 ring of dexterity (right hand)
Talismans
 b - a beast talisman (active)
 c - a flux talisman
Wands
 x - a wand of polymorph (5)
 D - a wand of flame (11)
Scrolls
 i - 5 scrolls of teleportation
 j - a scroll of poison
 l - a scroll of silence
 n - 3 scrolls of amnesia
 r - a scroll of enchant weapon
 z - 3 scrolls of immolation
Potions
 a - a potion of lignification
 e - 2 potions of cancellation
 f - 2 potions of mutation {unknown}
 h - a potion of curing
 o - a potion of enlightenment
 p - a potion of brilliance
 s - 3 potions of might
 t - 2 potions of ambrosia
 u - a potion of heal wounds
 B - a potion of invisibility
 C - a potion of attraction {unknown}


   Skills:
 + Level 8.5 Fighting
 + Level 2.3 Throwing
 + Level 6.7 Dodging
 - Level 1.0 Stealth
 + Level 8.0 Unarmed Combat
 + Level 2.7 Spellcasting
 + Level 7.5 Ice Magic
 - Level 5.0 Invocations
 - Level 3.0 Evocations
 * Level 10.3 Shapeshifting


You had 11 spell levels left.
You knew the following spells:

 Your Spells              Type           Power      Damage    Failure   Level
a - Freeze                Ice            64%        1d7       1%          1
b - Frozen Ramparts       Ice            32%        1d5       3%          3

Your spell library contained the following spells:

 Spells                   Type           Power      Damage    Failure   Level
 Hailstorm                Conj/Ice       8%         3d4       19%         3
 Lesser Beckoning         Tloc           2%         N/A       41%         2
 Gell's Gravitas          Tloc           1%         N/A       65%         3
 Teleport Other           Tloc           1%         N/A       65%         3
 Metabolic Englaciation   Hex/Ice        4%         N/A       86%         5
 Cause Fear               Hex            0%         N/A       96%         4
 Petrify                  Tmut/Erth      1%         N/A       96%         4
 Fireball                 Conj/Fire      0%         3d3       100%        5
 Dragon's Call            Summ           0%         N/A       100%        9


Dungeon Overview and Level Annotations

Branches:
Dungeon (10/15)            Temple (1/1) D:4            Lair (0/5) D:9
    Orc (2/2) D:9             Elf (0/3) Orc:2

Altars:
Ashenzari
Dithmenos
Elyvilon
Fedhas
Gozag
Hepliaklqana
Kikubaaqudgha
Makhleb
Okawaru
Qazlal
Ru
Sif Muna
Trog
Uskayaw
Wu Jian
Xom
Yredelemnul
Zin
The Shining One

Annotations:
D:4 2 runed translucent doors
D:8 1 exclusion
D:10 exclusion: gargoyle, Erica
Orc:2 Snorg


Innate Abilities, Weirdness & Mutations

You are a hulking beast.
Your limbs bulge with bestial killing power. (Slay +4)
You can breathe waves of freezing cold which knock back foes.
Your icy white scales are hard. (AC +7)
You cannot fit into any form of body armour.
Your flesh is cold resistant. (rC+)
You are cold-blooded and may be slowed by cold attacks.


Message History

Snorg bites you! Snorg claws you but does no damage. Snorg closely misses you.
Aiming: Quicksilver Bolt
Press: ? - help, Shift-Dir - straight line, f/p - Snorg
Aim: Snorg (severely wounded, 74% to hit)
The bolt of dispelling energy hits Snorg!
Snorg is almost dead.
The now-empty wand crumbles to dust.
Snorg bites you! Snorg claws you. Snorg claws you!
You can now pass through a line of other dancers.
Okay, then.
Unknown command.
Casting: Freeze (safe; 1% risk of failure)
Confirm with . or Enter, or press ? or * to list all spells.
Aiming: Freeze (safe; 1% risk of failure)
Press: ? - help, Shift-Dir - straight line, f/p - Snorg
Aim: Snorg (almost dead)
You freeze Snorg.
Snorg is almost dead.
Snorg goes berserk!
Casting: Freeze (safe; 1% risk of failure)
Confirm with . or Enter, or press ? or * to list all spells.
Aiming: Freeze (safe; 1% risk of failure)
Press: ? - help, Shift-Dir - straight line, f/p - Snorg
Aim: Snorg (almost dead, berserk)
You freeze Snorg!
Snorg is almost dead.
Snorg bites you!! Snorg barely misses you. Snorg claws you!
Casting: Freeze (safe; 1% risk of failure)
Confirm with . or Enter, or press ? or * to list all spells.
Aiming: Freeze (safe; 1% risk of failure)
Press: ? - help, Shift-Dir - straight line, f/p - Snorg
Aim: Snorg (almost dead, berserk)
You freeze Snorg!
Snorg is almost dead.
Snorg bites you!
* * * LOW HITPOINT WARNING * * *
Snorg claws you!
* * * LOW HITPOINT WARNING * * *
Snorg claws you.
You die...

## #########################
##.##
##......Th................
...###........^................
#..##...##..##..##...###...##..
# ...#..##..........≈≈#
#≈≈..... ##
#.##..#..........≈≈≈# #≈≈≈....
.###.##...........≈≈≈≈##
##≈≈≈≈..
###......#......≈≈≈≈### ###≈≈≈≈
#..#..#..#.....≈≈≈≈## ##≈≈≈
....(................ .....


You could see Snorg (berserk).

Vanquished Creatures
  A two-headed ogre (D:9)
  3 orc knights
  Pikel (D:8)
  2 unseen horror zombies (D:9)
  2 trolls
  2 hornets
  A shadow (D:10)
  Grum (D:8)
  A wraith (D:9)
  5 wargs
  3 water moccasins
  A swamp drake (D:9)
  21 orc warriors
  2 sky beasts
  A black bear (D:3)
  An ice beast (D:6)
  13 centaurs
  4 ogres
  A phantom (D:4)
  3 kobold brigands
  A lemure (D:8)
  6 bullfrogs
  4 scorpions
  9 wights
  7 killer bees (D:8)
  An electric eel (D:7)
  3 howler monkeys (D:7)
  A centaur zombie (D:9)
  14 orc priests
  A gnoll bouda (D:5)
  5 hounds
  3 jellies
  4 iguanas
  2 sleepcaps
  20 orc wizards
  10 gnolls
  10 adders
  A white imp (D:6)
  3 worms
  6 dart slugs
  75 orcs
  12 ball pythons
  5 bats
  4 endoplasms
  A giant cockroach (D:2)
  5 goblins
  8 hobgoblins
  6 jackals
  3 quokkas
  2 frilled lizards (D:2)
  17 kobolds
  3 rats
321 creatures vanquished.

Vanquished Creatures (collateral kills)
  Maurice (D:8)
  An orc sorcerer (Orc:2)
  3 orc warriors (Orc:2)
  4 wolves (D:8)
  A centaur (Orc:2)
  A killer bee (D:8)
  5 orcs
16 creatures vanquished.

Vanquished Creatures (others)
  A killer bee (D:8)
  2 orcs
3 creatures vanquished.

Grand Total: 340 creatures vanquished

Notes
Turn   | Place    | Note
-------+----------+-------------------------------------------
     0 | D:1      | Lobster4 the Draconian Shapeshifter began the quest for the
                  | Orb.
     0 | D:1      | Reached XP level 1. HP: 16/16 MP: 1/1
     3 | D:1      | Noticed an electric eel
   574 | D:1      | Reached XP level 2. HP: 23/23 MP: 2/2
   659 | D:1      | Noticed an electric eel
  1229 | D:2      | Reached XP level 3. HP: 28/28 MP: 3/3
  1267 | D:2      | Reached skill level 1 in Stealth
  1641 | D:3      | Found an iron altar of Okawaru.
  1703 | D:3      | Reached XP level 4. HP: 36/36 MP: 4/4
  1869 | D:3      | Noticed a black bear
  1991 | D:3      | Found a stormy altar of Qazlal.
  2578 | D:4      | Noticed a scorpion
  2590 | D:3      | Reached skill level 4 in Shapeshifting
  2590 | D:3      | Reached XP level 5. HP: 41/41 MP: 5/5
  2681 | D:4      | Reached skill level 1 in Throwing
  3081 | D:4      | Reached XP level 6. HP: 42/50 MP: 6/6
  3351 | D:4      | Found a staircase to the Ecumenical Temple.
  3370 | Temple   | Entered the Ecumenical Temple
  3471 | D:4      | Found a large runed translucent door.
  3472 | D:4      | Found a large runed translucent door.
  3900 | D:3      | Reached skill level 1 in Evocations
  3900 | D:3      | Reached skill level 5 in Shapeshifting
  3900 | D:3      | Your scales start taking on an icy white colour.
  3900 | D:3      | Reached XP level 7. HP: 33/57 MP: 3/7
  3900 | D:3      | Gained mutation: Your flesh is cold resistant. (rC+) [White
                  | Draconian growth]
  3912 | D:3      | Learned a level 1 spell: Freeze
  4030 | D:5      | Entered Level 5 of the Dungeon
  4539 | D:5      | Found a burning altar of Makhleb.
  4629 | D:5      | Reached skill level 1 in Ice Magic
  4863 | D:5      | Reached skill level 1 in Spellcasting
  5067 | D:5      | Found a glowing silver altar of Zin.
  5067 | D:5      | Found a white marble altar of Elyvilon.
  5067 | D:5      | Found a glowing golden altar of the Shining One.
  5301 | D:6      | Reached XP level 8. HP: 66/66 MP: 9/9
  5710 | D:6      | Reached skill level 6 in Shapeshifting
  5908 | D:6      | Reached skill level 5 in Unarmed Combat
  6354 | D:6      | Found a bloodstained altar of Trog.
  6605 | D:7      | Reached skill level 5 in Fighting
  6827 | D:7      | Reached XP level 9. HP: 74/74 MP: 10/10
  6851 | D:7      | Reached skill level 7 in Shapeshifting
  7791 | D:8      | Noticed Pikel
  7823 | D:8      | Found a hide-covered altar of Uskayaw.
  7826 | D:8      | Became a worshipper of Uskayaw the Reveller
  7907 | D:8      | Reached * piety under Uskayaw
  7914 | D:8      | Reached ** piety under Uskayaw
  8015 | D:7      | Reached skill level 5 in Dodging
  8051 | D:8      | Identified the +1 leather armour "Foacvu" {rElec Str+3
                  | Stlth+}
  8087 | D:8      | Noticed Grum
  8094 | D:8      | Reached skill level 1 in Invocations
  8097 | D:8      | Killed Maurice
  8098 | D:8      | Reached skill level 5 in Ice Magic
  8392 | D:8      | Reached *** piety under Uskayaw
  8394 | D:8      | Reached skill level 8 in Shapeshifting
  8398 | D:8      | Reached **** piety under Uskayaw
  8641 | D:8      | Killed Pikel
  8642 | D:8      | Reached XP level 10. HP: 81/84 MP: 10/12
  9328 | D:8      | Killed Grum
  9350 | D:8      | Found a shimmering altar of Xom.
  9382 | D:9      | Noticed a two-headed ogre
  9682 | D:9      | Killed a two-headed ogre
  9687 | D:9      | Paralysed by a hornet for 3 turns
 10102 | D:8      | Reached skill level 9 in Shapeshifting
 10833 | D:9      | Found a staircase to the Lair.
 10889 | D:9      | Found a staircase to the Orcish Mines.
 10898 | D:9      | Reached XP level 11. HP: 91/92 MP: 14/14
 11306 | D:10     | Entered Level 10 of the Dungeon
 11539 | D:10     | Paralysed by a hornet for 1 turns
 11543 | D:10     | Noticed Erica
 12613 | Orc:1    | Entered Level 1 of the Orcish Mines
 13055 | Orc:1    | Learned a level 3 spell: Frozen Ramparts
 13293 | Orc:2    | Entered Level 2 of the Orcish Mines
 13293 | Orc:2    | Noticed an orc sorcerer
 13320 | Orc:1    | Reached skill level 5 in Invocations
 13431 | Orc:2    | Noticed a soul eater
 13873 | Orc:2    | Paralysed by an orc sorcerer for 3 turns
 13875 | Orc:2    | Killed an orc sorcerer
 14143 | Orc:2    | Found a staircase to the Elven Halls.
 14575 | Orc:2    | Reached skill level 10 in Shapeshifting
 14759 | Orc:2    | Noticed an orc knight
 14775 | Orc:2    | Killed an orc knight
 15327 | Orc:2    | Noticed an orc knight
 15577 | Orc:1    | Killed an orc knight
 15873 | Orc:2    | Noticed an orc knight
 16020 | Orc:2    | Killed an orc knight
 16175 | Orc:2    | Noticed Snorg
 16209 | Orc:2    | HP: 1/95 [Snorg (12)]
 16209 | Orc:2    | Slain by Snorg

Illustrated notes

Levels and vault maps discovered:
D:1:      arrival_aquarium_b, layout_basic
D:2:      layout_loops_ring, kennysheep_generic_room_11
D:3:      layout_loops_ring, mainiacjoe_overflow_small_starburst,
          overflow_temple_1_default, minmay_box_of_dots
D:4:      kennysheep_six_static_rooms, layout_rooms, jmf_multi_god_temple2,
          minmay_temple_entry_antechambers
D:5:      layout_rooms, dreamdust_divine_triumvirate,
          lemuel_coloured_pillars_altar, kennysheep_generic_room_5
D:6:      layout_basic, trog_hazing_becter, serial_bayou_crossing
D:7:      layout_layer_cave, abandoned_shop, kennysheep_cross_room
D:8:      layout_basic, tgw_xom, overflow_temple_1_default, minmay_door_square,
          skrybe_limestone_x, item_on_display_a, uniq_maurice, uniq_grum,
          uniq_pikel
D:9:      layout_cave_pools, nicolae_overflow_hidden_temple, dpeg_oklobed_lair,
          erik_orc_1, serial_undead, serial_undead_b, serial_undead_e,
          serial_undead_e, serial_undead_f, enter_bailey_2
D:10:     layout_loops_ring, minivault_1, uniq_erica
Temple:   dpeg_chambers_temple
Orc:1:    layout_caves, basic_altar
Orc:2:    st_orc_rangers, layout_caves, uniq_snorg

Skill      XL: |  1  2  3  4  5  6  7  8  9 10 11 |
---------------+----------------------------------+-----
Dodging        | 2 3 4 5 6 |  6.7
Stealth        | 1 |  1.0
Fighting       | 2 3 4 5 6 7 8 |  8.5
Shapeshifting  | 4 5 6 8 9 10 | 10.3
Throwing       | 1 2 |  2.3
Unarmed Combat | 4 5 6 7 8 |  8.0
Evocations     | 1 2 3 |  3.0
Ice Magic      | 1 3 5 6 7 |  7.5
Spellcasting   | 1 2 |  2.7
Invocations    | 2 4 5 |  5.0

Action                     |  1- 3 |  4- 6 |  7- 9 | 10-12 || total
---------------------------+-------+-------+-------+-------++-------
  Melee: Staff             |    13 |       |       |    51 ||    64
         Unarmed           |    86 |   174 |   310 |   368 ||   938
         Tailslap          |    10 |    18 |    67 |    72 ||   167
         Punch             |     2 |     4 |    20 |    18 ||    44
  Throw: Boomerang         |       |     7 |     7 |    46 ||    60
         Dart              |       |       |    67 |    97 ||   164
         Throwing net      |       |       |     2 |       ||     2
   Cast: Freeze            |       |       |     2 |    29 ||    31
Ability: Breathe Frost     |       |       |     2 |    14 ||    16
  Evoke: Wand              |       |       |     5 |    22 ||    27
    Use: Scroll            |     2 |     8 |     6 |     9 ||    25
         Potion            |       |     2 |     3 |     5 ||    10
   Stab: Sleeping          |     4 |     5 |       |     2 ||    11
         Paralysed         |       |       |     7 |    37 ||    44
 Armour: Skin              |    45 |    89 |   198 |   439 ||   771
  Dodge: Dodged            |    55 |   107 |   176 |   504 ||   842
   Form: Beast             |     2 |       |     2 |     1 ||     5
                           |     1 |       |     2 |       ||     3
         Flux              |       |       |       |     1 ||     1

Table legend: (Time is in decaauts)
 A = Elapsed time spent in this place.
 B = Non-inter-level travel time spent in this place.
 C = Inter-level travel time spent in this place.
 D = Time resting spent in this place.
 E = Time spent auto-exploring this place.
 F = Levels seen in this place.
 G = Mean time per level.
                   A        B        C        D        E       F      G
               +--------+--------+--------+--------+--------+-----+--------+
         Total |  16186 |  15402 |    784 |   4524 |   7059 |  13 | 1245.1 |
       Dungeon |  12997 |  12263 |    734 |   2687 |   6574 |  10 | 1299.7 |
        Temple |      1 |      1 |      0 |      0 |      0 |   1 |    1.0 |
  Orcish Mines |   3186 |   3137 |     49 |   1837 |    485 |   2 | 1593.0 |
               +--------+--------+--------+--------+--------+-----+--------+

Top non-repeatable levels by time:
     D:8: 2045 daAuts
   Orc:1: 2017 daAuts
     D:9: 1638 daAuts
     D:4: 1630 daAuts
     D:7: 1513 daAuts
    D:10: 1247 daAuts
   Orc:2: 1169 daAuts
     D:3: 1162 daAuts
     D:6: 1143 daAuts
     D:5: 1043 daAuts
     D:1: 849 daAuts
     D:2: 723 daAuts
  Temple: 1 daAuts
